 Dungeon Crawl Stone Soup version 0.19.5 (console) character file.

12968 Kloppie the Carver (level 11, -1/104 HPs)
             Began as a Minotaur Fighter on Mar 5, 2017.
             Was an Elder of Elyvilon.
             Slain by a six-headed hydra (7 damage)
             ... on level 2 of the Lair of Beasts.
             The game lasted 00:17:15 (11098 turns).

Kloppie the Carver (Minotaur Fighter)              Turns: 11098, Time: 00:17:16

Health: -1/104     AC: 13    Str: 24    XL:     11   Next: 69%
Magic:  10/10      EV: 14    Int:  5    God:    Elyvilon [****..]
Gold:   177        SH: 12    Dex: 15    Spells: 0 memorised, 10 levels left

rFire  . . .     SeeInvis +     D - +0 flail (crush)
rCold  . . .     Gourm    .     I - +0 scale mail "Onaig" {Dex+2 SInv}
rNeg   . . .     Faith    .     c - +0 shield
rPois  .         Spirit   .     (helmet restricted)
rElec  .         Reflect  .     z - +0 cloak {+Inv}
rCorr  .         Harm     .     l - +1 pair of gloves
MR     +....                    G - +0 pair of boots
Stlth  ..........               (no amulet)
                                y - ring of protection from magic
                                q - +3 ring of strength

@: no status effects
A: retaliatory headbutt, horns 2
a: Lesser Healing, Heal Other, Purification, Greater Healing, Divine Protection,
Renounce Religion, Evoke Invisibility


You were on level 2 of the Lair of Beasts.
You worshipped Elyvilon.
Elyvilon was greatly pleased with you.
You were not hungry.

You visited 3 branches of the dungeon, and saw 12 of its levels.
You also visited: Ossuary.

You collected 447 gold pieces.
You spent 270 gold pieces at shops.

Inventory:

Hand Weapons
 a - a +2 long sword
 D - a +0 flail of crushing (weapon)
 H - a +0 scimitar
Armour
 c - a +0 shield (worn)
 l - a +1 pair of gloves (worn)
 z - a +0 cloak of invisibility (worn)
 G - a +0 pair of boots (worn)
 I - the +0 scale mail "Onaig" (worn) {Dex+2 SInv}
   (You bought it in a shop on level 4 of the Dungeon)

   It affects your dexterity (+2).
   It lets you see invisible.
Jewellery
 p - an uncursed ring of resist corrosion
 q - a +3 ring of strength (left hand)
 y - a ring of protection from magic (right hand)
 J - an uncursed ring of protection from cold {unknown}
Wands
 b - a wand of lightning (9/15)
 A - a wand of flame (17/48)
 K - a wand of lightning (5/15)
Scrolls
 g - a scroll of blinking
 j - 5 scrolls of teleportation
 n - a scroll of recharging
 o - a scroll of remove curse
 s - 6 scrolls of enchant armour
 v - 4 scrolls of enchant weapon
 B - 3 scrolls of identify
Potions
 e - 5 potions of agility
 i - 2 potions of brilliance {unknown}
 m - 4 potions of curing
 u - a potion of cancellation
 w - a potion of ambrosia
 x - 2 potions of flight
 E - 2 potions of resistance
 F - 2 potions of invisibility
 M - a potion of haste
Comestibles
 f - 10 bread rations
 h - 9 slices of pizza
 k - 9 beef jerkies
 t - 11 fruits


   Skills:
 * Level 12.2 Fighting
 + Level 12.7 Long Blades
 - Level 7.5 Armour
 - Level 7.9 Dodging
 - Level 10.0 Shields


You had 10 spell levels left.
You didn't know any spells.

Dungeon Overview and Level Annotations

Branches:
Dungeon (9/15)             Temple (1/1) D:6            Lair (2/6) D:8
    Orc (0/2) D:9
  Swamp: Lair:2-4    Shoals: Lair:2-4     Snake: Lair:2-4    Spider: Lair:2-4

Altars:
Ashenzari
Cheibriados
Dithmenos
Elyvilon
Fedhas
Gozag
Hepliaklqana
Kikubaaqudgha
Makhleb
Nemelex Xobeh
Okawaru
Qazlal
Ru
Sif Muna
Trog
Uskayaw
Vehumet
Xom
Yredelemnul
Zin
The Shining One

Shops:
D:4 [   D:8 [


Innate Abilities, Weirdness & Mutations

You reflexively headbutt those who attack you in melee.
You have a pair of horns on your head.


Message History

You hit the six-headed hydra.
The six-headed hydra is heavily wounded.
The six-headed hydra bites you!
* * * LOW HITPOINT WARNING * * *
You block the six-headed hydra's attack. x2
The six-headed hydra bites you!
* * * LOW HITPOINT WARNING * * *
You block the six-headed hydra's attack.
The six-headed hydra bites you but does no damage.
The six-headed hydra bites you!
* * * LOW HITPOINT WARNING * * *
The six-headed hydra barely misses you. The six-headed hydra bites you!
* * * LOW HITPOINT WARNING * * *
The six-headed hydra closely misses you.
The six-headed hydra bites you but does no damage.
You block the six-headed hydra's attack.
You hit the six-headed hydra but do no damage.
The six-headed hydra is heavily wounded.
The six-headed hydra bites you!
You die...

####P#......# ....#
#.####......####.#...
#.P##..P....(.#....#
#.##P<###.........P#
#####..#..# #####.P.#.## #
#...#....#### ##..###
####........##.###...#
#..#...##..#..#..D#### ####
.......#..#.....@## #..#
.#P.......####..## ###..##
.........## ##...### #.....#
..#.......# #......##
#.....#
..#>....#####...#.#.#
##.####
........####....########.###
##..P#.....#....## #......#
#.####..........####.....##
### #.......[...#.........#


You could see a six-headed hydra.

Vanquished Creatures
  A hydra (Lair:2)
  3 spiny frogs (Lair:1)
  A troll (D:7)
  Grinder (D:6)
  A slime creature (Lair:1)
  3 hippogriffs
  A human (D:8)
  2 hill giant zombies (D:9)
  A hog (D:8)
  19 yaks
  2 hungry ghosts (D:9)
  2 basilisks (Lair:1)
  Edmund (D:5)
  2 water moccasins (Lair:1)
  A porcupine (Lair:1)
  4 orc warriors
  2 ice beasts (D:8)
  5 sky beasts
  A black bear (D:6)
  4 ogres
  4 phantoms
  6 centaurs
  4 crocodiles (Lair:1)
  Blork the orc (D:6)
  A big kobold (D:8)
  5 bullfrogs
  A wyvern zombie (Ossuary)
  8 jellies
  A wyvern skeleton (D:6)
  4 scorpions
  A troll zombie (D:9)
  A water moccasin skeleton (D:7)
  4 killer bees (D:9)
  3 wights (D:6)
  2 electric eels (Lair:1)
  2 centaur zombies (Ossuary)
  4 bullfrog zombies
  2 hounds
  8 orc priests
  11 orc wizards
  A bullfrog skeleton (D:8)
  2 centaur skeletons
  Ijyb (D:2)
  Terence (D:2)
  An iguana (D:9)
  11 worker ants
  A killer bee zombie (D:3)
  5 ogre zombies (D:9)
  4 hound zombies
  A hound skeleton (D:4)
  19 mummies (Ossuary)
  Robin (D:2)
  5 adders
  12 gnolls
  A howler monkey skeleton (D:6)
  A howler monkey zombie (D:6)
  2 shadow imps
  11 oozes (Lair:1)
  An adder skeleton (D:8)
  2 dart slugs
  4 worms
  9 leopard geckos
  41 orcs
  8 bats
  4 giant cockroaches
  12 goblins
  12 hobgoblins
  7 jackals
  6 quokkas
  3 ball pythons
  3 frilled lizards
  2 giant cockroach zombies (Ossuary)
  3 goblin skeletons (D:9)
  5 goblin zombies (D:9)
  3 hobgoblin zombies (D:9)
  A jackal skeleton (D:6)
  A jackal zombie (Ossuary)
  13 kobolds
  5 orc skeletons (D:9)
  9 orc zombies (D:9)
  2 quokka skeletons
  2 quokka zombies (Ossuary)
  4 rats
372 creatures vanquished.

Vanquished Creatures (others)
  3 fungi (Lair:1)
3 creatures vanquished.

Grand Total: 375 creatures vanquished

Notes
Turn   | Place    | Note
-------+----------+-------------------------------------------
     0 | D:1      | Kloppie the Minotaur Fighter began the quest for the Orb.
     0 | D:1      | Reached XP level 1. HP: 19/19 MP: 0/0
   249 | D:1      | Reached XP level 2. HP: 25/27 MP: 1/1
   554 | D:1      | Reached XP level 3. HP: 24/34 MP: 2/2
   889 | D:2      | Noticed Robin
   911 | D:2      | Killed Robin
   911 | D:2      | Reached skill level 5 in Fighting
  1032 | D:2      | Found a shadowy altar of Dithmenos.
  1051 | D:2      | Noticed Ijyb
  1060 | D:2      | Killed Ijyb
  1060 | D:2      | Reached XP level 4. HP: 38/42 MP: 3/3
  1214 | D:2      | Noticed Terence
  1224 | D:2      | Killed Terence
  1341 | D:2      | Reached XP level 5. HP: 50/50 MP: 4/4
  2036 | D:4      | Reached skill level 1 in Dodging
  2036 | D:4      | Reached XP level 6. HP: 53/58 MP: 5/5
  2137 | D:4      | Found Suon's Antique Armour Emporium.
  2202 | D:4      | Reached skill level 5 in Long Blades
  2841 | D:4      | Noticed a sky beast
  2866 | D:4      | Killed a sky beast
  2866 | D:4      | Reached XP level 7. HP: 42/64 MP: 6/6
  3114 | D:4      | Found a glowing golden altar of the Shining One.
  3273 | D:5      | Entered Level 5 of the Dungeon
  3276 | D:5      | Reached skill level 5 in Dodging
  3426 | D:5      | Reached XP level 8. HP: 71/71 MP: 7/7
  3472 | D:5      | Noticed Edmund
  3483 | D:5      | Killed Edmund
  3564 | D:5      | Found an opulent altar of Gozag.
  4237 | D:6      | Found a glowing silver altar of Zin.
  4287 | D:6      | Reached skill level 5 in Armour
  4370 | D:6      | Reached XP level 9. HP: 78/78 MP: 8/8
  4390 | D:6      | Found a sacrificial altar of Ru.
  4438 | D:6      | Found a staircase to the Ecumenical Temple.
  4528 | D:6      | Found a sand-covered staircase.
  4534 | Ossuary  | Entered an ossuary
  5401 | D:6      | Noticed Grinder
  5402 | D:6      | Noticed Blork the orc
  5405 | D:6      | Killed Blork the orc
  5411 | D:6      | Killed Grinder
  5411 | D:6      | Reached skill level 5 in Shields
  5549 | Temple   | Entered the Ecumenical Temple
  5722 | Temple   | Became a worshipper of Elyvilon the Healer
  6087 | D:7      | Reached * piety under Elyvilon
  6151 | D:7      | Noticed a troll
  6166 | D:7      | Killed a troll
  6166 | D:7      | Reached skill level 10 in Long Blades
  6176 | D:7      | Reached XP level 10. HP: 33/88 MP: 9/9
  6729 | D:8      | Found Ceremn's Antique Armour Emporium.
  6860 | D:4      | Bought a faintly glowing scale mail for 270 gold pieces
  6870 | D:4      | Identified the +0 scale mail "Onaig" {Dex+2 SInv} (You bought it in a shop on level 4 of the Dungeon)
  7743 | D:8      | Reached ** piety under Elyvilon
  7874 | D:8      | Found a staircase to the Lair.
  7930 | D:8      | Reached skill level 10 in Shields
  8502 | D:9      | Found a staircase to the Orcish Mines.
  8906 | D:9      | Reached XP level 11. HP: 80/97 MP: 10/10
  9199 | Lair:1   | Entered Level 1 of the Lair of Beasts
  9217 | Lair:1   | Reached *** piety under Elyvilon
  9325 | Lair:1   | Reached skill level 10 in Fighting
 10331 | Lair:1   | Reached **** piety under Elyvilon
 10602 | Lair:2   | Noticed a six-headed hydra
 10673 | Lair:2   | Noticed an eight-headed hydra
 10689 | Lair:2   | Killed an eight-headed hydra
 11098 | Lair:2   | Slain by a six-headed hydra

Skill      XL: |  1  2  3  4  5  6  7  8  9 10 11 |
---------------+----------------------------------+-----
Fighting       | 4 5 6 7 9 12 | 12.2
Long Blades    | 3 4 5 6 8 10 11 12 | 12.7
Dodging        | 1 3 6 7 |  7.9
Armour         | 5 7 |  7.5
Shields        | 6 10 | 10.0

Action                   |  1- 3 |  4- 6 |  7- 9 | 10-12 || total
-------------------------+-------+-------+-------+-------++-------
Melee: Long sword        |    84 |   214 |   374 |   496 ||  1168
       Headbutt          |    15 |    35 |   100 |   163 ||   313
       Flail             |       |       |       |    10 ||    10
Invok: Lesser Healing    |       |       |       |     1 ||     1
Evoke: Wand              |       |       |       |     1 ||     1
  Use: Scroll            |       |       |    18 |     3 ||    21
       Potion            |       |       |     4 |     2 ||     6
  Eat: Chunk             |     1 |     6 |     6 |    11 ||    24
       Meat ration       |       |       |     1 |     2 ||     3
       Royal jelly       |       |       |       |     1 ||     1
Armor: Scale mail        |    50 |   113 |    93 |   107 ||   363
       Skin              |       |       |     3 |       ||     3
Dodge: Dodged            |    46 |    72 |   124 |   169 ||   411
Block: Shield            |    63 |   122 |   165 |   226 ||   576
       Rpst.: Long sword |    14 |    25 |    40 |    38 ||   117
